 Dungeon Crawl Stone Soup version 0.31.0-10-gcf4a605ca0 (webtiles) character file.

Game seed: 4227714784485859285

1292 Ijustatesigmund the Digger (level 8, -10/44 HPs)
             Began as a Gargoyle Earth Elementalist on Jan 25, 2024.
             Mangled by a two-headed ogre
             ... wielding a +0 giant club
              (16 damage)
             ... on level 6 of the Dungeon.
             The game lasted 00:09:21 (6717 turns).

Ijustatesigmund the Digger (GrEE)                   Turns: 6717, Time: 00:09:21

Health: -10/44     AC: 31    Str: 11    XL:     8   Next: 56%
Magic:  15/15      EV: -4    Int: 19    God:
Gold:   308        SH:  4    Dex: 10    Spells: 13/17 levels left

rFire   . . .        d - +2 flail (protect)
rCold   . . .        b - +0 buckler
rNeg    + . .        l - +0 crystal plate armour
rPois   ∞            e - +0 helmet
rElec   +            (no cloak)
rCorr   .            (no gloves)
SInv    .            (no boots)
Will    .....        (no amulet) Stlth
                     m - +4 ring of protection
HPRegen 0.27/turn    (no ring)
MPRegen 0.14/turn

%: no passive effects
@: under a protective aura
A: sickness immunity, AC +5, negative energy resistance 1, electricity
resistance, torment resistance 1, petrification resistance
a: no special abilities


You were on level 6 of the Dungeon.
You visited 2 branches of the dungeon, and saw 7 of its levels.

You collected 308 gold pieces.

Inventory:

Hand Weapons
 d - a +2 flail of protection (weapon)
Armour
 a - a +0 robe
 b - a +0 buckler (worn)
 e - a +0 helmet (worn)
 l - a +0 crystal plate armour (worn)
Jewellery
 m - a +4 ring of protection (left hand)
Wands
 h - a wand of roots (7)
Scrolls
 g - a scroll of enchant armour {unknown}
 i - a scroll of poison {unknown}
 j - a scroll of vulnerability {unknown}
Potions
 c - 2 potions of curing
 f - 2 potions of mutation
 n - 2 potions of magic
 o - a potion of resistance


   Skills:
 - Level 2.1 Fighting
 + Level 2.3 Maces & Flails
 - Level 1.5 Dodging
 - Level 2.1 Stealth
 - Level 3.2 Shields
 + Level 5.0 Spellcasting
 + Level 5.5 Conjurations
 + Level 7.1 Earth Magic


You had 13 spell levels left.
You knew the following spells:

 Your Spells              Type           Power      Damage    Failure   Level
a - Sandblast             Erth           64%        2d14      100%        1
b - Stone Arrow           Conj/Erth      58%        3d10      100%        3

Your spell library contained the following spells:

 Spells                   Type           Power      Damage    Failure   Level
 Lesser Beckoning         Tloc           8%         N/A       100%        2
 Gell's Gravitas          Tloc           4%         N/A       100%        3
 Passwall                 Erth           32%        N/A       100%        3
 Teleport Other           Tloc           4%         N/A       100%        3
 Brom's Barrelling Bould  Conj/Erth      29%        2d5       100%        4
 Petrify                  Alch/Erth      18%        N/A       100%        4


Dungeon Overview and Level Annotations

Branches:
Dungeon (6/15)             Temple (1/1) D:5

Altars:
Cheibriados
Dithmenos
Elyvilon
Fedhas
Gozag
Nemelex Xobeh
Okawaru
Ru
Sif Muna
Trog
Uskayaw
Wu Jian
Xom
Zin

Annotations:
D:4 1 runed translucent door, Discosetron's ghost, amateur HOMo


Innate Abilities, Weirdness & Mutations

You are immune to sickness and miasma.
Your stone body is resilient. (AC +5)
You are immune to poison.
You resist negative energy. (rN+)
You are resistant to electric shocks. (rElec)
You are resistant to unholy torment.
You are immune to petrification.


Message History

You block the two-headed ogre's attack.
The two-headed ogre hits you with a +0 giant spiked club.
You are too injured to fight recklessly!
You are too injured to fight recklessly!
You are too injured to fight recklessly!
You are too injured to fight recklessly!
You are too injured to fight recklessly!
You are too injured to fight recklessly!
You are too injured to fight recklessly!
You are too injured to fight recklessly!
You are too injured to fight recklessly!
You are too injured to fight recklessly!
You are too injured to fight recklessly!
You are too injured to fight recklessly!
You are too injured to fight recklessly!
You are too injured to fight recklessly!
You are too injured to fight recklessly!
You sock the two-headed ogre!
The two-headed ogre is heavily wounded.
You hit the two-headed ogre.
The two-headed ogre is heavily wounded.
The two-headed ogre hits you with a +0 giant club.
The two-headed ogre hits you with a +0 giant spiked club!
* * * LOW HITPOINT WARNING * * *
You completely miss the two-headed ogre.
The two-headed ogre is heavily wounded.
The two-headed ogre hits you but does no damage.
You block the two-headed ogre's attack.
You feel much better.
The two-headed ogre hits you but does no damage.
The two-headed ogre hits you with a +0 giant spiked club!
You sock the two-headed ogre!
The two-headed ogre is severely wounded.
The two-headed ogre hits you with a +0 giant club!
* * * LOW HITPOINT WARNING * * *
The two-headed ogre hits you but does no damage.
You barely miss the two-headed ogre.
The two-headed ogre is severely wounded.
The two-headed ogre hits you with a +0 giant club!
You die...

##... ##### ....
#...########
..#######..........#
..#....#...........#
..'....'....####'###
..#....#....##.....#
#########...#......#
#...#......#
#...#...@..#
#...#...O..#
#...#......#
.###....# .. #....#
... .....# ...
.....# ... ...>..#
...


You could see a two-headed ogre.

Vanquished Creatures
  Sigmund (D:5)
  An orc warrior (D:6)
  An ogre (D:6)
  4 scorpions
  3 hounds
  An orc priest (D:4)
  4 iguanas (D:5)
  Terence (D:2)
  4 orc wizards
  Natasha (D:4)
  11 gnolls
  10 adders
  A shadow imp (D:6)
  A white imp (D:4)
  20 orcs
  5 ball pythons
  5 bats
  5 endoplasms
  9 giant cockroaches
  8 goblins
  5 hobgoblins
  7 jackals
  10 kobolds
  5 quokkas
  3 frilled lizards
  15 rats
141 creatures vanquished.

Notes
Turn   | Place    | Note
-------+----------+-------------------------------------------
     0 | D:1      | Ijustatesigmund the Gargoyle Earth Elementalist began the
                  | quest for the Orb.
     0 | D:1      | Reached XP level 1. HP: 10/10 MP: 3/3
   133 | D:1      | Reached XP level 2. HP: 16/16 MP: 3/5
   328 | D:1      | Reached skill level 1 in Fighting
   337 | D:1      | Reached skill level 4 in Earth Magic
   429 | D:1      | Reached XP level 3. HP: 20/20 MP: 3/6
  1289 | D:2      | Found an ornate altar of the Wu Jian Council.
  1336 | D:2      | Reached XP level 4. HP: 24/25 MP: 7/7
  1380 | D:2      | Learned a level 3 spell: Stone Arrow
  1566 | D:2      | Noticed Terence
  1581 | D:2      | Killed Terence
  2223 | D:3      | Reached XP level 5. HP: 30/30 MP: 6/9
  2769 | D:3      | Reached skill level 1 in Shields
  3169 | D:4      | Reached skill level 5 in Earth Magic
  3182 | D:4      | Reached XP level 6. HP: 17/35 MP: 10/10
  3634 | D:4      | Found a runed translucent door.
  3758 | D:4      | Reached XP level 7. HP: 33/40 MP: 8/12
  4306 | D:4      | Noticed Natasha
  4307 | D:4      | Killed Natasha
  4428 | D:4      | Found a glowing silver altar of Zin.
  4582 | D:4      | Noticed Discosetron's ghost (amateur HOMo)
  4605 | D:5      | Entered Level 5 of the Dungeon
  4614 | D:5      | Reached skill level 6 in Earth Magic
  4933 | D:5      | Found a staircase to the Ecumenical Temple.
  4946 | Temple   | Entered the Ecumenical Temple
  5400 | D:5      | Found a snail-covered altar of Cheibriados.
  5436 | D:5      | Found a blossoming altar of Fedhas.
  5850 | D:5      | Reached XP level 8. HP: 21/44 MP: 14/14
  6148 | D:5      | Reached skill level 1 in Maces & Flails
  6148 | D:5      | Reached skill level 5 in Conjurations
  6190 | D:5      | Noticed Sigmund
  6203 | D:5      | Killed Sigmund
  6438 | D:6      | Reached skill level 5 in Spellcasting
  6438 | D:6      | Reached skill level 7 in Earth Magic
  6706 | D:6      | Noticed a two-headed ogre
  6717 | D:6      | Mangled by a two-headed ogre

Illustrated notes

Levels and vault maps discovered:
D:1:      evilmike_arrival_fibonacci_small, layout_loops_cross
D:2:      layout_loops_corners, basic_altar, uniq_terence
D:3:      layout_basic
D:4:      layout_basic, nicolae_overflow_crystal_walls, ebering_ghost_sewer_d,
          uniq_natasha
D:5:      layout_gridville, fedhas_ov_isle_minmay,
          nicolae_overflow_hidden_temple, minmay_temple_entry_large_hall,
          uniq_sigmund
D:6:      layout_gridville, old_standard_altar
Temple:   nicolae_temple_bog_church

Skill      XL: |  1  2  3  4  5  6  7  8 |
---------------+-------------------------+-----
Fighting       | 1 2 |  2.1
Earth Magic    | 4 5 6 7 |  7.1
Conjurations   | 2 3 4 5 |  5.5
Spellcasting   | 3 4 5 |  5.0
Shields        | 1 2 3 |  3.2
Maces & Flails | 2 |  2.3
Dodging        | |  1.5
Stealth        | |  2.1

Action                     |  1- 3 |  4- 6 |  7- 9 || total
---------------------------+-------+-------+-------++-------
  Melee: Unarmed           |    15 |       |       ||    15
         Punch             |     1 |       |       ||     1
         Short sword       |    27 |       |       ||    27
         Mace              |     3 |    64 |   120 ||   187
         Flail             |     1 |    53 |   121 ||   175
   Cast: Sandblast         |    44 |    62 |    22 ||   128
         Stone Arrow       |       |     1 |     3 ||     4
    Use: Potion            |       |     2 |     1 ||     3
         Scroll            |       |     3 |     2 ||     5
   Stab: Sleeping          |     1 |     2 |     1 ||     4
 Armour: Robe              |    35 |   124 |    22 ||   181
         Crystal plate arm |       |       |   399 ||   399
  Dodge: Dodged            |    27 |    82 |    34 ||   143
  Block: Buckler           |       |    24 |    65 ||    89
